Map: Oxide LE

Players

Cham - Winner!

  • Race: Zerg Zerg

Kelazhur

  • Race: Terran Terran

Event: DreamHack SC2 Masters 2021 Winter

VOD

Have the link to the VOD?

Description

Time

  • Played on: Oct. 3, 2021, 3:40 p.m.
  • Length: 19:50

All games in this series

Show
View Real Time Build Order
Export as new Build Order

Cham Zerg - Winner!

Build Orders: Hatch First 

Get SALT Encoding   

  12  0:00  Drone  
  13  0:08  Drone  
  14  0:21  Overlord  
  14  0:24  Drone, Extractor  
  15  0:39  Drone  
  16  0:50  Hatchery  
  16  0:55  Drone  
  16  0:58  Drone  
  16  1:02  Drone  
  18  1:16  Spawning Pool  
  17  1:18  Extractor  
  17  1:20  Drone  
  17  1:23  Drone  
  18  1:27  Drone  
  19  1:39  Drone  
  20  1:49  Drone  
  21  2:03  Queen x2  
  21  2:04  Zergling x4  
  27  2:10  Drone  
  28  2:19  Hatchery  
  27  2:24  Overlord  
  27  2:28  Drone  
  28  2:35  Metabolic Boost  
  28  2:44  Queen  
  28  2:45  Drone  
  28  2:49  Drone x2  
  33  2:52  Overlord  
  33  2:55  Drone  
  34  3:00  Drone x2  
  36  3:11  Drone x5  
  41  3:18  Queen  
  43  3:21  Overlord  
  43  3:26  Overlord  
  43  3:33  Queen  
  45  3:37  Drone x3  
  45  3:39  Drone  
  49  3:45  Drone x2  
  51  3:49  Overlord  
  51  3:54  Overlord  
  51  3:55  Drone x3  
  53  3:56  Drone  
  57  4:05  Queen  
  57  4:06  Queen  
  57  4:08  Overlord  
  59  4:12  Drone  
  59  4:13  Drone x2  
  59  4:16  Drone x4  
  66  4:20  Zergling x2  
  66  4:22  Zergling x2  
  68  4:25  Zergling x2  
  68  4:27  Lair  
  68  4:29  Zergling x6  
  72  4:34  Zergling x2  
  72  4:35  Zergling x2  
  74  4:38  Extractor  
  74  4:39  Baneling Nest  
  74  4:40  Zergling x4  
  74  4:43  Queen  
  76  4:46  Zergling x8  
  76  4:51  Overlord  
  80  4:55  Drone  
  81  5:02  Drone  
  81  5:03  Drone  
  81  5:06  Spore Crawler  
  81  5:07  Spore Crawler x2  
  81  5:10  Zergling x2  
  81  5:11  Zergling x2  
  81  5:14  Zergling x2  
  81  5:15  Zergling x10  
  81  5:17  Zergling x2  
  88  5:23  Zergling x4  
  88  5:24  Zergling x4  
  92  5:31  Baneling x9  
  92  5:32  Zergling x4  
  92  5:33  Zergling x2  
  95  5:41  Overlord  
  95  5:42  Overlord  
  95  5:46  Overlord  
  95  5:47  Hatchery  
  94  5:51  Baneling x3  
  79  6:12  Zergling x2  
  79  6:13  Zergling x24  
  88  6:19  Centrifugal Hooks  
  88  6:20  Drone x2  
  87  6:27  Drone x3, Evolution Chamber  
  87  6:28  Evolution Chamber  
  86  6:38  Drone, Overlord  
  86  6:39  Drone  
  88  6:41  Extractor  
  88  6:42  Extractor  
  88  6:45  Hatchery  
  88  6:46  Drone  
  86  6:47  Queen  
  86  6:48  Overlord  
  86  6:50  Baneling x8, Hatchery  
  86  6:52  Drone x2  
  86  6:53  Drone x4  
  93  6:55  Drone  
  93  6:57  Drone  
  95  7:06  Drone x2  
  95  7:07  Overlord  
  97  7:09  Drone x3  
  97  7:11  Drone  
  97  7:13  Drone  
  97  7:14  Zergling x2  
  99  7:25  Zergling x16  
  104  7:32  Infestation Pit  
  104  7:33  Drone  
  104  7:35  Zergling x8  
  104  7:36  Zergling x4  
  110  7:37  Baneling x5  
  110  7:40  Zerg Ground Armor Level 1  
  110  7:43  Drone  
  110  7:44  Drone x2  
  113  7:47  Drone  
  113  7:48  Drone x4  
  118  7:51  Zerg Melee Weapons Level 1  
  118  7:52  Drone x2  
  118  7:54  Drone  
  118  7:55  Drone  
  118  7:56  Baneling x4  
  118  7:57  Zergling x4  
  118  8:06  Drone x8  
  118  8:11  Drone  
  117  8:20  Zergling x20  
  117  8:23  Hive  
  126  8:31  Zergling x12, Hatchery  
  125  8:42  Baneling x6  
  125  8:45  Zergling x24  
  137  8:50  Baneling x4  
  137  8:54  Overlord, Extractor  
  136  8:56  Zergling x8  
  140  9:02  Baneling  
  140  9:03  Baneling  
  140  9:04  Overlord x2  
  140  9:08  Baneling  
  140  9:09  Baneling x9, Overlord  
  140  9:10  Overlord  
  139  9:18  Baneling x3  
  139  9:20  Drone x2, Spine Crawler, Spore Crawler  
  139  9:21  Drone  
  135  9:28  Zergling x2  
  135  9:29  Zergling x38  
  148  9:35  Drone x3  
  151  9:42  Ultralisk Cavern  
  151  9:44  Drone x2  
  151  9:45  Extractor  
  150  9:48  Zerg Ground Armor Level 2  
  150  9:49  Zergling x2  
  150  9:50  Zergling x12  
  156  9:53  Pneumatized Carapace  
  134  10:13  Zergling x34  
  134  10:14  Zergling x10  
  140  10:22  Zergling x2  
  140  10:23  Zergling x14  
  140  10:25  Zerg Melee Weapons Level 2  
  140  10:27  Overseer, Baneling x7  
  145  10:29  Baneling  
  145  10:30  Zergling x12  
  145  10:31  Baneling x5  
  145  10:32  Baneling x2  
  149  10:41  Baneling x6  
  140  10:44  Zergling x16  
  140  10:46  Drone x2  
  140  10:48  Zergling x6  
  151  10:53  Chitinous Plating  
  151  10:56  Zergling x2  
  151  10:57  Zergling x12  
  129  11:12  Zergling x18  
  129  11:18  Drone x3  
  135  11:30  Ultralisk x2, Zergling x14  
  135  11:31  Zergling x4  
  156  11:34  Drone  
  156  11:35  Extractor  
  156  11:38  Zergling x10  
  156  11:39  Zergling x2  
  162  11:41  Baneling x10  
  162  11:42  Baneling x2  
  162  11:43  Hatchery  
  162  11:44  Drone  
  162  11:48  Spine Crawler  
  139  12:02  Zergling x12  
  139  12:03  Zergling x24  
  146  12:18  Ultralisk x3  
  146  12:19  Zergling x2  
  146  12:20  Overlord  
  146  12:22  Hatchery  
  155  12:25  Baneling x6  
  155  12:31  Zergling x2  
  155  12:32  Zergling x18  
  160  12:40  Zergling x18  
  160  12:41  Baneling  
  160  12:42  Baneling x2  
  165  12:50  Drone  
  165  12:51  Drone  
  167  12:55  Drone x4  
  167  12:56  Drone x2  
  167  12:57  Drone  
  166  13:04  Zergling x8  
  166  13:05  Zergling x6  
  173  13:11  Baneling x4  
  173  13:12  Baneling x7  
  171  13:14  Zergling x14  
  171  13:17  Baneling x10  
  171  13:18  Overseer  
  149  13:34  Ultralisk x2, Zergling x2  
  149  13:35  Zergling x10  
  146  13:42  Ultralisk  
  146  13:48  Zergling x14  
  144  14:04  Ultralisk x2, Zergling x2  
  144  14:05  Zergling x8  
  158  14:12  Baneling x11  
  155  14:19  Drone x5  
  155  14:20  Drone x5  
  155  14:23  Overseer  
  154  14:25  Drone x4  
  154  14:30  Drone x4  
  162  14:32  Drone  
  162  14:37  Spore Crawler  
  162  14:38  Spine Crawler  
  161  14:44  Drone x3  
  161  14:45  Zergling x8  
  168  14:47  Baneling  
  168  14:48  Baneling  
  162  15:00  Zergling x22  
  159  15:20  Spore Crawler  
  139  15:25  Ultralisk x3  
  144  15:33  Zergling x18  
  148  15:38  Zergling x2  
  148  15:39  Zergling x8  
  149  15:44  Zergling x6  
  137  15:51  Zergling x12  
  134  16:06  Drone x10  
  134  16:07  Drone  
  145  16:16  Drone  
  145  16:18  Zerg Ground Armor Level 3  
  146  16:25  Drone x2  
  146  16:26  Spire  
  143  16:34  Overseer  
  143  16:37  Baneling x3  
  141  16:46  Drone  
  141  16:47  Drone x3  
  141  16:54  Drone x3  
  141  16:55  Drone  
  141  16:56  Drone x3  
  141  16:58  Drone x3  
  141  16:59  Drone  
  141  17:00  Overlord  
  151  17:04  Baneling x5  
  151  17:05  Baneling x6  
  151  17:07  Zergling x8  
  151  17:08  Zergling x2  
  155  17:20  Baneling x2  
  147  17:46  Corruptor x2  
  147  17:47  Corruptor x6  
  154  17:53  Corruptor x2  
  154  17:54  Zergling x4  
  154  17:55  Zergling x4  
  159  18:05  Drone x2  
  160  18:08  Zergling x18  
  160  18:21  Zergling x6  
  160  18:26  Zergling x10  
  166  18:40  Zergling x22  
  159  18:42  Zergling x4  
  159  18:43  Zergling x4  
  159  18:46  Zergling x6  
  162  18:53  Zergling x2  
  162  18:54  Zergling x2  
  159  19:08  Zergling x8  
  159  19:09  Zergling x16  
  158  19:22  Spore Crawler  
  157  19:25  Zergling x2  
  164  19:32  Overseer  
Show
View Real Time Build Order
Export as new Build Order

Kelazhur Terran 

Build Orders: Command Center First (CC) 

Get SALT Encoding   

  12  0:00  SCV  
  13  0:12  SCV  
  14  0:17  Supply Depot  
  14  0:24  SCV  
  15  0:38  SCV  
  16  0:50  SCV  
  17  0:57  Command Center  
  17  1:02  SCV  
  18  1:11  Barracks  
  18  1:15  SCV  
  19  1:19  Refinery  
  19  1:27  SCV  
  20  1:33  Barracks  
  20  1:39  SCV  
  21  1:46  Refinery  
  21  1:51  SCV  
  22  1:58  Marine  
  23  2:03  Orbital Command  
  23  2:11  Orbital Command  
  23  2:16  Barracks Reactor  
  23  2:21  Barracks Tech Lab  
  23  2:29  SCV  
  24  2:36  SCV  
  25  2:39  Stimpack  
  25  2:40  Marine  
  25  2:41  SCV  
  27  2:49  SCV  
  28  2:53  SCV, Marine x2  
  28  2:55  Factory  
  28  2:57  Marine  
  32  3:01  SCV  
  32  3:05  SCV  
  34  3:10  Supply Depot  
  34  3:11  Marine x2  
  36  3:13  SCV  
  36  3:16  Marine  
  38  3:23  Supply Depot  
  38  3:28  Engineering Bay  
  38  3:31  SCV x2, Marine x2  
  38  3:34  Marine  
  42  3:39  Starport, Factory Reactor  
  43  3:43  SCV x2  
  45  3:49  Marine x2  
  45  3:52  Supply Depot, Marine  
  48  3:55  SCV, Terran Infantry Weapons Level 1  
  48  3:59  SCV  
  50  4:07  SCV, Marine x2  
  50  4:09  Marine  
  53  4:13  SCV  
  55  4:17  Supply Depot  
  55  4:19  Supply Depot  
  55  4:20  SCV  
  55  4:22  Combat Shield  
  56  4:24  Marine  
  56  4:27  SCV  
  56  4:30  Medivac x2  
  62  4:39  SCV x2  
  62  4:41  Marine  
  62  4:43  Command Center  
  65  4:47  Refinery  
  65  4:48  Refinery  
  65  4:49  Marine  
  65  4:50  Marine  
  65  4:52  SCV x2  
  69  4:55  Supply Depot  
  69  4:57  Widow Mine  
  71  5:05  SCV  
  71  5:06  Barracks  
  72  5:09  Marine x3  
  72  5:11  Medivac  
  72  5:13  SCV  
  78  5:17  SCV  
  78  5:20  Factory Tech Lab  
  79  5:25  SCV  
  79  5:29  SCV, Marine x3  
  83  5:37  SCV  
  83  5:41  SCV  
  83  5:43  Siege Tank  
  83  5:44  Starport Reactor  
  86  5:51  Terran Infantry Armor Level 1, Barracks  
  86  5:52  Barracks  
  86  5:53  SCV  
  86  5:54  Marine x3  
  86  5:55  SCV  
  89  5:59  SCV  
  75  6:05  SCV  
  75  6:06  Marine  
  75  6:07  SCV, Marine  
  75  6:11  SCV  
  73  6:17  Marine x3  
  73  6:18  SCV  
  65  6:19  SCV  
  65  6:23  Orbital Command  
  65  6:24  Marine x2  
  68  6:30  SCV  
  68  6:31  SCV  
  70  6:34  Marine  
  70  6:38  Engineering Bay, Armory  
  71  6:41  Barracks Reactor x2  
  71  6:42  SCV  
  71  6:43  SCV  
  71  6:46  Marine x3  
  76  6:49  SCV  
  76  6:53  Marine  
  78  6:54  SCV  
  78  6:55  Supply Depot  
  78  6:58  SCV  
  78  6:59  Marine  
  81  7:01  Medivac  
  81  7:04  Marine  
  81  7:05  Orbital Command  
  85  7:10  Supply Depot  
  85  7:11  Supply Depot  
  85  7:12  SCV  
  85  7:16  Medivac, SCV, Marine x3  
  85  7:17  Marine x2  
  91  7:25  Marine x4  
  93  7:30  Siege Tank  
  93  7:32  SCV x3  
  93  7:34  Terran Infantry Weapons Level 2, Marine x2  
  93  7:35  Marine  
  99  7:38  Marine  
  99  7:39  Marine  
  99  7:42  Marine  
  99  7:43  Marine x2  
  104  7:44  SCV x2  
  104  7:45  SCV  
  104  7:46  Supply Depot  
  104  7:48  Drilling Claws  
  107  7:52  Factory  
  107  7:54  Marine x2  
  109  8:00  Supply Depot  
  109  8:07  SCV x2, Marine  
  109  8:10  Marine x6  
  109  8:11  SCV  
  117  8:17  Terran Infantry Armor Level 2, Marine  
  117  8:18  Marine  
  117  8:21  SCV  
  117  8:25  Marine  
  117  8:26  Supply Depot  
  119  8:28  Marine  
  119  8:30  Supply Depot x2, Widow Mine  
  122  8:35  Medivac  
  122  8:38  Medivac  
  122  8:40  Marine  
  119  8:43  Factory Reactor  
  119  8:44  Marine x6  
  125  8:51  Marine x2  
  127  8:59  Widow Mine  
  129  9:02  Marine  
  129  9:03  Marine x5  
  129  9:04  Marine  
  129  9:05  Supply Depot  
  129  9:07  Medivac  
  138  9:10  Supply Depot  
  138  9:12  Marine  
  138  9:15  Marine  
  139  9:18  Supply Depot  
  131  9:27  Command Center  
  131  9:29  Marine x7  
  131  9:30  Supply Depot, Marine  
  130  9:34  Widow Mine x2  
  130  9:35  Widow Mine  
  136  9:38  Liberator  
  136  9:44  Supply Depot  
  140  9:49  Orbital Command  
  140  9:50  Marine x2  
  140  9:53  Terran Infantry Weapons Level 3  
  140  9:56  Widow Mine x2  
  144  10:00  Marine  
  136  10:10  SCV, Marine  
  136  10:11  Marine x6  
  136  10:14  SCV, Marine  
  119  10:16  Widow Mine  
  119  10:17  Widow Mine  
  119  10:18  Marine  
  119  10:19  SCV  
  125  10:28  Marine x3  
  125  10:29  Marine x2  
  125  10:31  SCV  
  131  10:42  SCV x2, Marine  
  121  10:43  SCV  
  121  10:49  Orbital Command  
  122  10:53  Marine x3  
  122  10:54  SCV  
  122  10:55  Widow Mine  
  128  11:03  SCV, Marine  
  110  11:09  Orbital Command  
  108  11:13  Marine  
  108  11:14  Marine x2  
  108  11:17  SCV x2  
  113  11:21  Marine  
  113  11:24  Widow Mine  
  113  11:26  Planetary Fortress  
  113  11:36  Widow Mine x2  
  113  11:38  SCV  
  118  11:41  SCV  
  118  11:45  Orbital Command  
  121  11:47  Widow Mine  
  121  11:53  Marine  
  121  11:58  Widow Mine  
  121  11:59  SCV  
  121  12:01  Marine  
  118  12:02  Marine x2  
  118  12:03  SCV x2  
  118  12:04  Marine  
  118  12:06  Marine  
  118  12:07  Marine  
  118  12:08  Marine  
  125  12:11  SCV  
  126  12:15  SCV x2  
  126  12:21  Marine, Terran Infantry Armor Level 3  
  126  12:22  SCV  
  130  12:23  SCV  
  130  12:27  SCV  
  130  12:28  Marauder, SCV, Marine  
  132  12:39  SCV  
  132  12:41  Marine  
  132  12:48  Widow Mine x2  
  132  12:52  Marine x3  
  132  12:53  SCV x2  
  132  12:54  Widow Mine  
  132  12:55  Marine  
  132  12:57  Liberator x2  
  142  13:01  Marauder, Marine x3  
  142  13:03  SCV  
  148  13:08  Supply Depot x2  
  148  13:09  Widow Mine, SCV x2  
  148  13:10  Widow Mine  
  154  13:14  SCV, Marine  
  156  13:23  Marine x2  
  156  13:26  Marine x2  
  156  13:28  Marine x2  
  156  13:29  Marine x2  
  156  13:30  Widow Mine  
  156  13:32  Marine  
  141  13:35  SCV  
  141  13:39  Orbital Command  
  134  13:41  Marine x2  
  134  13:43  SCV  
  134  13:44  Marine x2  
  134  13:45  Liberator x2, Marine  
  134  13:46  Marauder  
  134  13:47  Marine x2  
  150  13:54  Marine  
  143  14:05  Marine  
  143  14:07  Marine  
  143  14:08  Marauder  
  147  14:28  Widow Mine x3  
  156  14:39  Marine  
  156  14:42  Marine x4  
  156  14:43  Marauder  
  156  14:45  Supply Depot  
  155  14:46  Liberator, Supply Depot  
  155  14:47  Liberator  
  129  15:23  Marauder  
  129  15:28  Marine x6  
  122  15:29  Marine  
  122  15:30  Liberator x2  
  122  15:34  Marine  
  118  15:43  Orbital Command  
  118  15:44  Marine  
  118  15:48  Marine  
  100  16:02  Marauder  
  95  16:13  Medivac x2  
  98  16:24  Marauder  
  100  16:29  Widow Mine x2  
  104  16:37  Marine x2  
  106  16:41  Widow Mine  
  108  16:50  Widow Mine x2  
  108  16:53  Medivac x2  
  111  17:08  Widow Mine  
  111  17:12  Widow Mine x2  
  111  17:13  SCV x3  
  118  17:26  Medivac x2  
  122  17:36  Widow Mine  
  109  17:51  Marauder  
  107  18:05  Marine  
  107  18:12  Marauder  
  110  18:14  Marine  
  109  18:33  Liberator  
  94  18:45  Marine  
  64  19:26  Widow Mine  

Tags
 
Add a new tag
Caveats
  • Supply blocks, unpowered buildings, or Contaminate may cause inaccurate times.
  • Supply counts are checked every 10 seconds.